Map: [ESL] Site Delta

Players

milkicow

  • Race: Terran Terran
  • Spawn Location: 5:00

ArT - Winner!

  • Race: Protoss Protoss
  • Spawn Location: 11:00

Event: ESL SC2 Masters 2023 Winter (Regional)

VOD

Have the link to the VOD?

Description

Time

  • Played on: Nov. 4, 2023, 10:29 a.m.
  • Length: 14:53

All games in this series

Show
View Real Time Build Order
Export as new Build Order

milkicow Terran 

Build Orders: 1/1/1, Widow Mine Drop 

Get SALT Encoding   

  12  0:00  SCV  
  13  0:12  SCV  
  14  0:17  Supply Depot  
  14  0:24  SCV  
  15  0:38  SCV  
  15  0:40  Barracks  
  16  0:43  Refinery  
  16  0:50  SCV  
  16  0:52  Refinery  
  17  1:02  SCV  
  18  1:15  SCV  
  19  1:27  Orbital Command  
  19  1:30  Factory  
  19  1:36  Barracks Tech Lab  
  19  1:43  Supply Depot  
  19  1:52  SCV  
  22  1:54  Concussive Shells, Marauder  
  22  2:06  SCV  
  23  2:15  Starport  
  23  2:19  SCV  
  26  2:27  Widow Mine  
  28  2:39  Command Center  
  28  2:42  SCV  
  27  2:52  Supply Depot, Medivac  
  27  2:57  Widow Mine  
  31  3:04  Barracks Reactor  
  31  3:14  SCV  
  32  3:24  Factory Tech Lab  
  32  3:26  SCV  
  33  3:35  Command Center  
  33  3:38  Raven  
  33  3:41  SCV  
  36  3:42  Marine x2  
  38  3:55  SCV  
  39  3:59  Siege Tank  
  42  4:07  SCV  
  42  4:09  Marine x2  
  43  4:13  Orbital Command  
  43  4:19  SCV  
  44  4:24  Barracks  
  44  4:26  Marine  
  44  4:28  Marine  
  44  4:31  Starport Reactor  
  46  4:37  Siege Tank  
  49  4:39  SCV  
  49  4:44  Marine  
  52  4:48  Marine  
  52  4:50  Orbital Command  
  52  4:51  SCV  
  52  4:52  SCV  
  54  4:57  Barracks  
  54  5:02  Supply Depot  
  54  5:05  SCV  
  55  5:07  SCV  
  55  5:12  Stimpack, Refinery  
  55  5:13  Marine x2  
  58  5:14  Marine  
  58  5:16  SCV  
  58  5:20  Siege Tank  
  63  5:22  SCV  
  63  5:23  SCV  
  63  5:27  Supply Depot  
  65  5:28  SCV  
  65  5:33  Engineering Bay  
  65  5:35  Marine, SCV x2  
  69  5:36  Marine  
  69  5:40  SCV  
  71  5:43  Medivac  
  71  5:47  Medivac, SCV  
  71  5:48  SCV  
  78  5:50  Marine  
  78  5:53  SCV  
  79  5:58  Refinery  
  79  5:59  Supply Depot, SCV  
  79  6:01  Marine x2  
  79  6:04  Combat Shield  
  82  6:05  SCV  
  82  6:06  Factory Reactor  
  82  6:10  Supply Depot  
  83  6:12  SCV  
  83  6:16  Marine  
  83  6:17  Medivac  
  83  6:18  SCV  
  84  6:23  Marine x3  
  87  6:27  Medivac  
  87  6:31  SCV  
  90  6:32  Barracks  
  90  6:33  Orbital Command  
  90  6:34  Marine  
  90  6:38  Barracks  
  91  6:41  Marine x2  
  91  6:42  Marauder  
  94  6:48  SCV  
  94  6:53  Marauder  
  97  6:59  Marine x2  
  97  7:03  Widow Mine, Marauder  
  97  7:07  Terran Infantry Weapons Level 1  
  97  7:08  Supply Depot  
  101  7:09  Supply Depot, Widow Mine, SCV x2  
  101  7:14  Marauder  
  101  7:15  SCV  
  108  7:16  Marine  
  108  7:19  Supply Depot x2, Marine  
  107  7:24  Marauder  
  106  7:32  SCV  
  106  7:33  Marine  
  106  7:34  Marine  
  106  7:35  Marauder  
  110  7:42  Marine  
  106  7:46  Marauder  
  106  7:48  Viking  
  106  7:49  Viking, Widow Mine  
  106  7:50  SCV, Widow Mine  
  107  7:55  SCV x2  
  107  7:57  Barracks Reactor, Marauder  
  107  7:58  Ghost Academy  
  110  8:00  Barracks Tech Lab  
  110  8:01  Marine  
  110  8:02  SCV  
  112  8:07  Marauder  
  112  8:11  Marine  
  115  8:15  Widow Mine  
  115  8:16  Widow Mine  
  115  8:17  SCV x3  
  115  8:18  Marine, Marauder, Supply Depot  
  115  8:19  Supply Depot  
  125  8:20  Medivac x2  
  129  8:29  Marauder  
  129  8:31  SCV x2  
  129  8:32  Ghost, Supply Depot  
  129  8:33  Supply Depot  
  129  8:44  Marine  
  129  8:45  SCV, Marauder  
  129  8:48  Orbital Command  
  120  8:52  SCV  
  117  8:56  Marine  
  117  8:57  Marauder  
  117  9:00  SCV  
  119  9:04  SCV  
  119  9:08  Marauder, Marine  
  119  9:10  Widow Mine x2  
  119  9:13  Marine, SCV  
  119  9:14  Marauder  
  119  9:16  SCV  
  132  9:18  Medivac x2  
  132  9:19  Terran Infantry Armor Level 1  
  132  9:20  SCV  
  132  9:21  Supply Depot  
  133  9:28  Marauder, Marine  
  133  9:31  SCV  
  133  9:32  Marauder, Marine  
  133  9:33  SCV  
  133  9:35  Marine  
  133  9:36  Marauder  
  133  9:37  Widow Mine x2  
  144  9:38  Marine  
  144  9:44  SCV  
  144  9:45  Armory  
  144  9:49  SCV  
  137  9:54  Engineering Bay  
  131  10:00  Marine x2  
  131  10:01  Widow Mine x2, Marauder x2, SCV  
  131  10:02  Marauder  
  131  10:05  Marine  
  145  10:14  Marine  
  145  10:15  Viking  
  145  10:16  Viking  
  150  10:22  Marauder x2, Refinery  
  150  10:23  Refinery  
  150  10:24  Marauder  
  150  10:25  SCV  
  157  10:31  Marine  
  157  10:33  Bunker  
  157  10:34  Terran Infantry Weapons Level 2  
  157  10:41  Widow Mine  
  157  10:42  Widow Mine  
  159  10:43  Ghost, Marauder  
  162  10:52  Marine  
  162  10:53  Medivac x2, Marauder  
  164  11:00  Marine  
  164  11:01  Marine  
  164  11:02  Widow Mine  
  167  11:04  Ghost  
  167  11:06  Widow Mine  
  167  11:09  Command Center  
  171  11:15  SCV  
  171  11:17  Ghost x2  
  176  11:19  Marine  
  176  11:22  Terran Ship Weapons Level 1  
  176  11:24  Starport  
  173  11:43  Ghost  
  173  11:45  SCV  
  173  11:46  Ghost  
  178  11:48  Marauder, Marine  
  181  11:56  Terran Infantry Armor Level 2  
  181  11:57  Supply Depot  
  181  12:00  Supply Depot  
  181  12:03  Missile Turret, Marine  
  181  12:04  Missile Turret  
  172  12:10  Marauder  
  172  12:12  Ghost  
  172  12:14  Ghost, Marine  
  179  12:18  Viking x2  
  179  12:19  SCV  
  183  12:34  Marine  
  183  12:35  Marauder  
  181  12:40  Marine  
  181  12:41  Marauder  
  181  12:42  SCV x2, Marine  
  181  12:43  Marauder  
  175  12:47  SCV  
  175  12:50  Marine  
  168  12:54  SCV  
  168  12:55  SCV  
  168  12:56  Marauder  
  163  12:59  Planetary Fortress, SCV  
  163  13:06  SCV  
  163  13:07  Ghost, SCV  
  163  13:11  SCV  
  165  13:29  Marine  
  165  13:30  SCV, Marauder  
  163  13:35  Marine  
  163  13:36  Marauder  
  163  13:39  SCV  
  157  13:48  Marauder, Marine  
  130  13:50  Marine x2  
  130  13:51  Marauder  
  130  13:52  SCV  
  130  13:53  Marine  
  116  13:57  Marauder  
  95  14:06  Marine  
  95  14:08  Marine x2  
  92  14:10  Marauder  
  92  14:11  Marine, Medivac  
  92  14:12  Marauder  
  92  14:13  SCV  
  98  14:19  Marauder  
  98  14:23  Marine  
  101  14:26  Marine  
  101  14:29  Marine  
  101  14:30  SCV  
  93  14:31  Marauder  
Show
View Real Time Build Order
Export as new Build Order

ArT Protoss - Winner!

Build Orders: 1 Gate Expand, Phoenix Opening, Colossus Rush 

Get SALT Encoding   

  12  0:00  Probe  
  13  0:12  Probe  
  14  0:17  Pylon  
  14  0:24  Probe (Chrono Boost)  
  15  0:36  Probe (Chrono Boost)  
  15  0:37  Gateway  
  16  0:45  Probe (Chrono Boost)  
  16  0:46  Assimilator  
  17  0:51  Probe  
  18  1:03  Probe  
  19  1:15  Probe  
  20  1:24  Cybernetics Core  
  20  1:33  Nexus  
  20  1:36  Probe  
  21  1:43  Pylon  
  21  1:48  Probe  
  21  1:51  Assimilator  
  22  2:00  Sentry (Chrono Boost), Probe  
  25  2:05  Warp Gate  
  25  2:12  Probe  
  25  2:14  Adept (Chrono Boost)  
  26  2:16  Shield Battery  
  28  2:24  Phoenix  
  28  2:25  Probe  
  29  2:34  Stalker (Chrono Boost)  
  31  2:45  Robotics Facility  
  31  2:47  Probe (Chrono Boost)  
  31  2:49  Probe (Chrono Boost)  
  33  2:56  Probe (Chrono Boost)  
  35  2:59  Probe (Chrono Boost)  
  35  3:00  Gateway  
  35  3:01  Probe  
  36  3:08  Probe  
  36  3:09  Stalker  
  39  3:13  Probe  
  40  3:21  Probe  
  40  3:24  Pylon  
  40  3:25  Probe  
  42  3:32  Pylon  
  42  3:33  Observer (Chrono Boost), Probe  
  44  3:38  Probe  
  45  3:45  Probe  
  45  3:47  Observer (Chrono Boost)  
  46  3:48  Assimilator  
  46  3:56  Stalker x2  
  46  3:58  Probe  
  46  3:59  Probe  
  52  4:11  Probe  
  53  4:17  Probe  
  53  4:18  Assimilator  
  53  4:21  Observer  
  55  4:31  Nexus, Probe (Chrono Boost)  
  55  4:34  Robotics Bay  
  55  4:36  Pylon, Probe (Chrono Boost)  
  56  4:39  Stalker  
  56  4:45  Probe (Chrono Boost)  
  59  4:48  Probe (Chrono Boost)  
  59  4:49  Twilight Council  
  60  4:54  Probe  
  60  4:58  Probe  
  62  5:00  Forge  
  62  5:08  Probe  
  62  5:10  Probe  
  62  5:11  Pylon  
  64  5:15  Pylon  
  64  5:20  Probe  
  65  5:21  Extended Thermal Lance  
  65  5:24  Probe  
  65  5:25  Charge (Chrono Boost)  
  65  5:26  Colossus (Chrono Boost)  
  66  5:32  Probe, Pylon  
  73  5:35  Observer  
  73  5:40  Photon Cannon  
  73  5:41  Probe  
  74  5:46  Protoss Ground Weapons Level 1, Probe  
  74  5:49  Probe  
  76  5:51  Stalker  
  76  5:55  Probe  
  76  5:56  Observer  
  79  6:00  Shield Battery  
  79  6:02  Probe  
  79  6:03  Gateway, Probe  
  81  6:07  Colossus (Chrono Boost)  
  81  6:11  Probe  
  88  6:15  Probe  
  89  6:19  Zealot, Stalker  
  93  6:26  Probe  
  93  6:28  Probe  
  93  6:29  Probe  
  93  6:30  Pylon  
  93  6:32  Gateway  
  96  6:34  Gateway  
  96  6:38  Probe  
  97  6:41  Gateway  
  97  6:42  Pylon  
  97  6:47  Probe  
  97  6:51  Colossus (Chrono Boost)  
  104  6:54  Stalker  
  104  6:59  Zealot x2  
  105  7:05  Probe  
  105  7:07  Assimilator  
  103  7:12  Blink (Chrono Boost)  
  103  7:15  Pylon  
  103  7:19  Zealot  
  103  7:20  Zealot x2  
  103  7:21  Probe  
  107  7:27  Zealot  
  107  7:29  Probe  
  110  7:36  Probe  
  111  7:41  Warp Prism (Chrono Boost)  
  111  7:43  Nexus, Observer  
  109  7:45  Observer  
  109  7:50  Zealot x6  
  111  7:58  Protoss Ground Weapons Level 2 (Chrono Boost), Photon Cannon  
  111  8:00  Pylon  
  111  8:03  Gateway  
  110  8:12  Stalker x2  
  110  8:13  Stalker  
  110  8:18  Assimilator  
  110  8:19  Stalker x2  
  120  8:23  Pylon  
  120  8:30  Immortal (Chrono Boost)  
  124  8:36  Probe  
  124  8:38  Pylon  
  125  8:42  Zealot x3  
  119  8:50  Stalker x2  
  111  8:57  Probe  
  111  9:00  Photon Cannon  
  110  9:07  Probe  
  110  9:09  Probe  
  104  9:12  Zealot x3  
  104  9:13  Templar Archives  
  104  9:15  Probe x2  
  112  9:21  Pylon  
  108  9:32  Zealot x7  
  108  9:37  Shield Battery  
  122  9:43  Immortal (Chrono Boost)  
  122  9:45  Observer  
  122  9:49  Probe x2  
  122  9:52  Probe x2  
  126  9:57  High Templar x4  
  126  9:58  High Templar  
  130  10:01  Probe  
  130  10:02  Archon  
  130  10:03  Archon  
  124  10:08  Stalker x2  
  124  10:14  Warp Prism (Chrono Boost)  
  128  10:15  Probe x2 (Chrono Boost)  
  128  10:17  Protoss Ground Weapons Level 3 (Chrono Boost)  
  132  10:24  Probe (Chrono Boost)  
  132  10:27  Probe (Chrono Boost)  
  135  10:30  Probe (Chrono Boost)  
  135  10:32  High Templar  
  135  10:33  High Templar x3  
  135  10:34  High Templar  
  135  10:35  Probe (Chrono Boost)  
  145  10:37  Probe (Chrono Boost)  
  145  10:38  Archon x2  
  145  10:40  Probe  
  145  10:41  Photon Cannon  
  146  10:44  Robotics Facility  
  146  10:45  Probe x2  
  146  10:49  Archon  
  146  10:50  Zealot x2  
  150  10:59  Shield Battery  
  150  11:05  Zealot x4, Gateway  
  150  11:07  Observer  
  150  11:10  Stalker x2  
  158  11:16  Stalker  
  160  11:21  Probe x2  
  160  11:23  Probe  
  160  11:24  Disruptor (Chrono Boost)  
  167  11:30  Pylon  
  167  11:32  Nexus  
  167  11:35  Disruptor (Chrono Boost)  
  167  11:37  Stalker  
  170  11:42  Stalker  
  170  11:45  Pylon  
  172  11:52  Nexus  
  172  11:53  Pylon  
  168  11:59  Assimilator  
  168  12:00  Dark Shrine  
  168  12:02  Disruptor (Chrono Boost)  
  168  12:03  Assimilator  
  168  12:04  Pylon  
  172  12:12  Probe  
  172  12:13  Zealot x2  
  177  12:17  Zealot x5  
  187  12:23  Gateway  
  187  12:25  Pylon  
  187  12:27  Gateway  
  183  12:31  Zealot  
  183  12:36  Disruptor  
  184  12:41  Stalker  
  184  12:42  Stalker  
  180  12:54  Protoss Ground Armor Level 1 (Chrono Boost)  
  180  12:57  Stargate  
  174  13:00  Probe  
  174  13:02  Zealot x6, Forge  
  187  13:07  Zealot x2  
  191  13:16  Nexus  
  191  13:17  Pylon  
  191  13:19  Stalker  
  188  13:34  Zealot x8  
  181  13:39  Dark Templar  
  181  13:47  Colossus (Chrono Boost)  
  153  13:52  Dark Templar  
  159  13:58  Zealot x5  
  159  14:12  Gateway  
  159  14:13  Zealot  
  159  14:16  Gateway  
  153  14:19  Probe  
  153  14:20  Zealot x2  
  153  14:21  Zealot  
  150  14:26  Pylon  
  142  14:31  Zealot  
  142  14:35  Stalker  
  142  14:37  Pylon  
  142  14:38  Photon Cannon  
  144  14:44  Zealot x3  
Tags
 
Add a new tag
Caveats
  • Supply blocks, unpowered buildings, or Contaminate may cause inaccurate times.
  • Supply counts are checked every 10 seconds.